 Dungeon Crawl Stone Soup version 0.31-a0-145-g046c7d2549 (webtiles) character file.

Game seed: 14528381351105305160

17098 avis the Severer (level 12, -8/115 HPs)
             Began as a Hill Orc Fighter on June 6, 2023.
             Was a Believer of Beogh.
             Mangled by a small abomination (15 damage)
             ... on level 1 of the Abyss on June 7, 2023.
             The game lasted 01:20:35 (17014 turns).

avis the Severer (Hill Orc Fighter)                Turns: 17014, Time: 01:20:35

Health: -8/115     AC: 17    Str: 24    XL:     12   Next: 44%
Magic:  28/31      EV:  6    Int:  8    God:    Beogh [**....]
Gold:   729        SH:  8    Dex: 10    Spells: 9/11 levels left

rFire   . . .        a - +0 war axe
rCold   . . .        Y - +0 kite shield
rNeg    . . .        q - +0 plate armour
rPois   +            (no helmet)
rElec   .            U - +0 cloak
rCorr   .            l - +0 pair of gloves
SInv    .            u - +0 pair of boots
Will    .....        (no amulet) Stlth
                     s - ring of poison resistance
HPRegen 0.39/turn    n - ring of magical power
MPRegen 0.22/turn

%: no passive effects
@: on fire, glowing
A: iridescent scales 1
a: Renounce Religion, Smiting


You were on level 1 of the Abyss.
You worshipped Beogh.
Beogh was pleased with you.
You visited 3 branches of the dungeon, and saw 16 of its levels.
You visited the Abyss 1 time.
You also visited: Sewer.

You collected 729 gold pieces.

Inventory:

Hand Weapons
 a - a +0 war axe (weapon)
 b - a +1 flail of draining
 w - a +3 scimitar of flaming
Missiles
 j - 5 boomerangs (quivered)
 I - 20 poisoned darts
Armour
 l - a +0 pair of gloves (worn)
 q - a +0 plate armour (worn)
 u - a +0 pair of boots (worn)
 U - a +0 cloak (worn)
 Y - a +0 kite shield (worn)
Jewellery
 f - the amulet of Xaecisk {Acrobat Harm Int+3 Stlth+}
   (You found it on level 10 of the Dungeon)

   [amulet of the acrobat]

   It increases your evasion while moving and waiting.
   Int:       It affects your intelligence (+3).
   Harm:      It increases damage dealt and taken.
   Stlth:     It makes you more stealthy.
 i - a ring of fire
 n - a ring of magical power (right hand)
 s - a ring of poison resistance (left hand)
Wands
 e - a wand of polymorph (11)
 r - a wand of light (2)
 N - a wand of digging (5)
 Q - a wand of charming (10)
 S - a wand of flame (5)
 W - a wand of roots (7)
Scrolls
 c - a scroll of identify
 d - a scroll of brand weapon {unknown}
 g - 3 scrolls of immolation {unknown}
 m - 3 scrolls of vulnerability {unknown}
 o - 3 scrolls of teleportation {unknown}
 x - 2 scrolls of enchant weapon {unknown}
 y - 3 scrolls of torment {unknown}
 B - 3 scrolls of fear {unknown}
 C - 3 scrolls of noise {unknown}
 D - 2 scrolls of poison {unknown}
 J - 2 scrolls of blinking
 L - 2 scrolls of enchant armour {unknown}
 M - a scroll of silence {unknown}
 R - a scroll of magic mapping {unknown}
 T - a scroll of amnesia {unknown}
 X - 2 scrolls of acquirement {unknown}
Potions
 h - a potion of invisibility
 k - 3 potions of haste
 p - 2 potions of attraction
 t - a potion of curing
 z - 3 potions of resistance
 A - a potion of ambrosia {unknown}
 H - a potion of brilliance {unknown}
 K - 2 potions of enlightenment
 V - a potion of lignification {unknown}


   Skills:
 * Level 13.4 Fighting
 - Level 16.0 Axes
 - Level 4.0 Armour
 - Level 2.0 Dodging
 - Level 4.0 Shields
 + Level 13.9 Invocations


You had 9 spell levels left.
You knew the following spells:

 Your Spells              Type           Power      Damage    Failure   Level
e - Wereblood             Tmut           0%         N/A       100%        2

Your spell library contained the following spells:

 Spells                   Type           Power      Damage    Failure   Level
 Apportation              Tloc           0%         N/A       100%        1
 Necrotise                Necr           0%         1d4       100%        1
 Summon Small Mammal      Summ           0%         N/A       100%        1
 Cigotuvi's Dreadful Rot  Necr/Pois/Air  0%         N/A       100%        2
 Sublimation of Blood     Necr           0%         N/A       100%        2
 Hailstorm                Conj/Ice       0%         3d3       100%        3
 Ignite Poison            Fire/Tmut/Pois 0%         N/A       100%        3
 Ice Form                 Ice/Tmut       0%         N/A       100%        4
 Passage of Golubria      Tloc           0%         N/A       100%        4
 Summon Ice Beast         Ice/Summ       0%         N/A       100%        4
 Freezing Cloud           Conj/Ice/Air   0%         6-21      100%        5
 Silence                  Hex/Air        0%         N/A       100%        5
 Summon Mana Viper        Hex/Summ       0%         N/A       100%        5
 Simulacrum               Ice/Necr       0%         N/A       100%        6
 Monstrous Menagerie      Summ           0%         N/A       100%        7
 Summon Hydra             Summ           0%         N/A       100%        7
 Lehudib's Crystal Spear  Conj/Erth      0%         10d2      100%        8


Dungeon Overview and Level Annotations

Branches:
Dungeon (14/15)            Temple (1/1) D:4            Lair (1/5) D:8
    Orc (0/2) D:12          Sewer (visited)
 Vaults: D:13-14

Altars:
Ashenzari
Dithmenos
Gozag
Kikubaaqudgha
Qazlal
Ru
Uskayaw
Wu Jian

Annotations:
D:11 Erolcha
Abyss:1 2 transporters


Innate Abilities, Weirdness & Mutations

You are partially covered in iridescent scales. (AC +2)


Message History

You destroy the starcursed mass!
Beogh accepts your kill.
You can no longer gain orcish followers.
You start resting.
A smoke demon comes into view.
The smoke demon roars!
A reaper comes into view. It is wielding a +1 scythe of pain.
Unknown command.
Your extra speed is starting to run out.
Found a scroll of identify.
You feel yourself slow down.
Found a book of Necromancy.
A small abomination comes into view.
You see here a scroll of identify.
c - a scroll of identify You see here a book of Necromancy.
The small abomination attacks as you move away!
The small abomination hits you but does no damage.
A red devil comes into view.
It is wielding a +2 demon trident of draining.
The small abomination attacks as you move away!
You block the small abomination's attack.
As you read the scroll of summoning, it crumbles to dust.
Wisps of shadow whirl around you...
The small abomination hits you but does no damage.
The spriggan defender zombie barely misses your sixfirhy.
The smoke demon gestures at you.
The sticky flame hits you but does no damage.
You are covered in liquid flames!
You are covered in liquid flames!
* * * LOW HITPOINT WARNING * * *
Your sixfirhy hits the spriggan defender zombie!
Your sixfirhy shocks the spriggan defender zombie!
The spriggan defender zombie hits your sixfirhy!
Your sixfirhy completely misses the spriggan defender zombie.
The smoke demon gestures at the small abomination.
Something smites you!
* * * LOW HITPOINT WARNING * * *
The spriggan defender zombie hits your sixfirhy!!
The small abomination hits you!
You die...

.#. #.. #.. . #..
## ..# ..###.#
#..##Z.#.########
#...3.........#
#...@x#+#..#..##
##.#8...#..8 ..#
...#..........##
###.X.22........#
#.+3..#:..#..4
#.#..#.#.....#
#.............#
#..#....#.....##
.#.#8..#...8#.#


You could see a reaper, a smoke demon (ally target), a small abomination, a
spriggan defender zombie (ally target), a friendly blizzard demon (summoned), a
friendly large abomination (summoned) and a friendly sixfirhy (summoned).

Vanquished Creatures
  A tentacled starspawn (Abyss:1)
  A catoblepas (Lair:1)
  Erica (D:11)
  2 two-headed ogres
  An ugly thing (D:12)
  Maurice (D:10)
  3 black mambas (Lair:1)
  A smoke demon (Abyss:1)
  A cane toad (Lair:1)
  Maggie (D:9)
  A komodo dragon (Lair:1)
  A polar bear (Lair:1)
  2 trolls
  3 hornets (D:9)
  2 shadows
  2 wyverns
  A wraith (D:10)
  15 yaks
  A neqoxec (Abyss:1)
  A large abomination (Abyss:1)
  A steam dragon (D:6)
  Edmund (D:5)
  A basilisk (D:11)
  5 water moccasins
  An acid dragon (D:10)
  An orc warrior (D:8)
  3 sky beasts
  A black bear (D:6)
  An ice beast (D:6)
  4 wolves (Lair:1)
  4 centaurs
  An ogre (D:5)
  2 phantoms
  3 kobold brigands
  Blork the orc (D:5)
  7 bullfrogs
  2 gnoll sergeants (D:8)
  4 scorpions
  14 wights
  3 troll zombies (D:12)
  4 howler monkeys
  A vampire bat (D:3)
  3 electric eels (Lair:1)
  A lava snake (D:9)
  A jelly (D:6)
  5 starcursed masses (Abyss:1)
  4 hounds
  8 orc priests
  An iron imp (Abyss:1)
  A sleepcap (D:5)
  8 orc wizards
  3 iguanas
  4 ogre zombies (D:12)
  10 gnolls
  7 adders
  2 white imps
  An ufetubus (D:6)
  A worm (D:2)
  5 dart slugs
  14 orcs
  7 bats
  3 bat skeletons (D:3)
  3 bat zombies (D:3)
  8 endoplasms
  15 giant cockroaches
  5 goblins
  5 hobgoblins
  4 jackals (D:1)
  10 quokkas
  9 ball pythons
  8 frilled lizards
  2 goblin skeletons (D:12)
  24 kobolds
  An orc skeleton (D:12)
  15 orc zombies (D:12)
  6 rats
311 creatures vanquished.

Vanquished Creatures (collateral kills)
  An orc priest (D:8)
1 creature vanquished.

Vanquished Creatures (others)
  A hound (D:5)
  An orc (D:8)
  A ball python (D:3)
  3 starspawn tentacles (Abyss:1)
6 creatures vanquished.

Grand Total: 318 creatures vanquished

Notes
Turn   | Place    | Note
-------+----------+-------------------------------------------
     0 | D:1      | avis the Hill Orc Fighter began the quest for the Orb.
     0 | D:1      | Reached XP level 1. HP: 19/19 MP: 1/1
    76 | D:1      | Reached skill level 3 in Axes
   119 | D:1      | Reached XP level 2. HP: 27/27 MP: 2/2
   335 | D:1      | Reached skill level 4 in Axes
   433 | D:1      | Reached XP level 3. HP: 33/33 MP: 3/3
  1635 | D:2      | Reached skill level 5 in Axes
  1826 | D:2      | Reached XP level 4. HP: 40/40 MP: 4/4
  2611 | D:3      | Reached skill level 6 in Axes
  3058 | D:3      | Found a sacrificial altar of Ru.
  3387 | D:3      | Found an ancient bone altar of Kikubaaqudgha.
  3395 | D:3      | Reached XP level 5. HP: 47/47 MP: 5/5
  3516 | D:3      | Became a worshipper of Beogh the Brigand
  3585 | D:3      | Reached skill level 7 in Axes
  3594 | D:3      | Reached XP level 6. HP: 39/55 MP: 6/6
  3699 | D:4      | Found a stormy altar of Qazlal.
  3699 | D:4      | Found a shadowy altar of Dithmenos.
  3750 | D:4      | Reached skill level 5 in Fighting
  4017 | D:3      | Reached skill level 8 in Axes
  4186 | D:4      | Found a staircase to the Ecumenical Temple.
  4352 | Temple   | Entered the Ecumenical Temple
  4428 | D:5      | Entered Level 5 of the Dungeon
  4590 | D:4      | Reached XP level 7. HP: 55/61 MP: 7/7
  4620 | D:5      | Reached skill level 9 in Axes
  4620 | D:5      | Reached skill level 1 in Invocations
  4658 | D:5      | Found a glowing drain.
  4666 | D:5      | Reached * piety under Beogh
  4682 | Sewer    | Entered a sewer
  5252 | D:5      | Reached skill level 10 in Axes
  5264 | D:5      | Reached XP level 8. HP: 46/68 MP: 10/10
  5366 | D:5      | Noticed Edmund
  5394 | D:5      | Killed Edmund
  5394 | D:5      | Reached ** piety under Beogh
  5755 | D:5      | Reached skill level 11 in Axes
  5907 | D:5      | Reached skill level 5 in Invocations
  6297 | D:5      | Noticed Blork the orc
  6305 | D:5      | Killed Blork the orc
  6306 | D:5      | Reached skill level 12 in Axes
  6929 | D:6      | Reached XP level 9. HP: 74/74 MP: 13/13
  7141 | D:6      | Reached skill level 13 in Axes
  8024 | D:7      | Reached skill level 14 in Axes
  8052 | D:7      | Reached *** piety under Beogh
  8069 | D:7      | Identified the -2 cloak of a Billion Flying Lies {Contam
                  | Dex+4}
  9065 | D:8      | Reached skill level 15 in Axes
  9065 | D:8      | Reached XP level 10. HP: 75/81 MP: 16/16
  9261 | D:8      | Found a staircase to the Lair.
  9886 | Lair:1   | Entered Level 1 of the Lair of Beasts
  9973 | Lair:1   | Noticed a black mamba
  9987 | Lair:1   | Killed a black mamba
 10041 | Lair:1   | Noticed a black mamba
 10071 | Lair:1   | Noticed a catoblepas
 10082 | Lair:1   | Killed a catoblepas
 10083 | Lair:1   | Reached skill level 16 in Axes
 10083 | Lair:1   | Reached skill level 10 in Invocations
 10515 | Lair:1   | Killed a black mamba
 11055 | Lair:1   | Noticed a black mamba
 11088 | Lair:1   | Killed a black mamba
 11177 | Lair:1   | Noticed a cane toad
 11179 | Lair:1   | Killed a cane toad
 11180 | Lair:1   | Reached XP level 11. HP: 95/95 MP: 12/19
 12382 | D:9      | Noticed Maggie
 12417 | D:9      | Killed Maggie
 12878 | D:9      | Reached skill level 10 in Fighting
 13796 | D:9      | Learned a level 2 spell: Wereblood
 14329 | D:10     | Entered Level 10 of the Dungeon
 14610 | D:10     | Found an opulent altar of Gozag.
 14628 | D:10     | Noticed Maurice
 14659 | D:10     | Killed Maurice
 15112 | D:10     | Identified the amulet of Xaecisk {Acrobat Harm Int+3
                  | Stlth+}
 15252 | D:10     | Identified the +7 dagger of Misery {elec, Drain rC++ Dex+3}
 15409 | D:11     | Noticed Erica
 15420 | D:11     | Killed Erica
 15533 | D:11     | Reached skill level 1 in Dodging
 15785 | D:11     | Noticed a two-headed ogre
 15796 | D:11     | Killed a two-headed ogre
 15810 | D:11     | You fall into a shaft and drop 3 floors!
 16131 | D:12     | Noticed a white ugly thing
 16138 | D:12     | Killed a white ugly thing
 16139 | D:12     | Reached XP level 12. HP: 73/112 MP: 21/21
 16177 | D:12     | Noticed a two-headed ogre
 16189 | D:12     | Killed a two-headed ogre
 16345 | D:12     | Found a staircase to the Orcish Mines.
 16763 | D:11     | Noticed Erolcha
 16769 | Abyss:1  | Found a broken altar of Ashenzari.
 16769 | Abyss:1  | Cast into level 1 of the Abyss (Erolcha)
 16787 | Abyss:1  | Gained mutation: You are partially covered in iridescent
                  | scales. (AC +2) [a neqoxec]
 16810 | Abyss:1  | Found a transporter.
 16811 | Abyss:1  | Noticed a two-headed ogre
 16811 | Abyss:1  | a two-headed ogre changed into a deep troll
 16812 | Abyss:1  | Noticed a soul eater
 16812 | Abyss:1  | Noticed a wretched star
 16812 | Abyss:1  | Noticed a starcursed mass
 16813 | Abyss:1  | Noticed a tentacled starspawn
 16813 | Abyss:1  | Noticed a tentacled monstrosity
 16814 | Abyss:1  | Found a corrupted altar of Lugonu.
 16814 | Abyss:1  | Noticed a tentacled starspawn
 16816 | Abyss:1  | Found a transporter.
 16871 | Abyss:1  | Noticed a lich
 16915 | Abyss:1  | Noticed a starcursed mass
 16940 | Abyss:1  | Paralysed by accursed screaming for 1 turns
 16948 | Abyss:1  | Noticed a tentacled starspawn
 16958 | Abyss:1  | Killed a tentacled starspawn
 16963 | Abyss:1  | Killed a starcursed mass
 16991 | Abyss:1  | Noticed a reaper
 17014 | Abyss:1  | Mangled by a small abomination

Illustrated notes

Levels and vault maps discovered:
D:1:      grunt_arrival_lava_bath, layout_basic, lexackson_kobold_supper
D:2:      layout_loops_corners
D:3:      layout_basic, kennysheep_vampire_church, mainiacjoe_overflow_boulevard
D:4:      layout_rooms, grunt_temple_overflow_open, minmay_temple_entry_trees
D:5:      layout_basic, portal_sewer_entry_f, grunt_ministairs_1,
          serial_park_tiny_1, uniq_blork_the_orc, uniq_edmund
D:6:      layout_basic, minmay_strange_pillars
D:7:      layout_rooms, feat_on_display
D:8:      layout_basic, lair_entry_dummy
D:9:      layout_grid_maze, kennysheep_big_empty_room, uniq_maggie
D:10:     layout_rooms, lemuel_doored_altar, uniq_maurice
D:11:     layout_long_grid, grunt_livestock, kennysheep_generic_room_4,
          uniq_erolcha, uniq_erica
D:12:     layout_gridville, zombieorc2_lemuel
D:13:     layout_roguey
D:14:     layout_loops_ring, david_vaults_4, nicolae_trove_entry_free_sample,
          serial_park_gazebo [serial_park_minivault_5x5_8]
Temple:   nicolae_temple_bog_church
Lair:1:   layout_cave_pods, st_stairs_8, grunt_megastairs_1,
          lemuel_fruit_fields, serial_bayou_shore_a, lemuel_fruit_tree
Abyss:1:  base: D:8, gammafunk_corrupted_shrine, minivault_1, minivault_1

Skill      XL: |  1  2  3  4  5  6  7  8  9 10 11 12 |
---------------+-------------------------------------+-----
Axes           | 3 4 5 6 7 8 10 12 15 16 | 16.0
Fighting       | 4 5 8 12 13 | 13.4
Invocations    | 3 6 9 11 13 | 13.9
Armour         | 4 |  4.0
Shields        | 4 |  4.0
Dodging        | 1 2 |  2.0

Action                     |  1- 3 |  4- 6 |  7- 9 | 10-12 || total
---------------------------+-------+-------+-------+-------++-------
  Melee: War axe           |   182 |   167 |   451 |   569 ||  1369
  Throw: Dart              |       |       |       |    10 ||    10
 Invoke: Convert to Beogh  |       |     1 |       |       ||     1
         Smiting           |       |       |       |    22 ||    22
  Evoke: Wand              |       |       |       |    14 ||    14
    Use: Scroll            |       |     4 |     1 |     5 ||    10
         Potion            |       |       |     1 |     8 ||     9
   Stab: Invisible         |       |       |       |     1 ||     1
 Armour: Scale mail        |    53 |       |       |       ||    53
         Chain mail        |    11 |   131 |    14 |       ||   156
         Plate armour      |       |       |   236 |   213 ||   449
  Dodge: Dodged            |    52 |    80 |    89 |    96 ||   317
  Block: Buckler           |    40 |    48 |    70 |    10 ||   168
         Kite shield       |       |       |       |   137 ||   137

Table legend: (Time is in decaauts)
 A = Elapsed time spent in this place.
 B = Non-inter-level travel time spent in this place.
 C = Inter-level travel time spent in this place.
 D = Time resting spent in this place.
 E = Time spent auto-exploring this place.
 F = Levels seen in this place.
 G = Mean time per level.
                   A        B        C        D        E       F      G
               +--------+--------+--------+--------+--------+-----+--------+
         Total |  17133 |  15157 |   1976 |   3900 |   7065 |  18 |  951.8 |
       Dungeon |  14465 |  12548 |   1917 |   3184 |   6061 |  14 | 1033.2 |
        Temple |     41 |     39 |      2 |      0 |      0 |   1 |   41.0 |
          Lair |   1834 |   1778 |     56 |    672 |    819 |   1 | 1834.0 |
         Abyss |    215 |    215 |      0 |     44 |      0 |   1 |  215.0 |
         Sewer |    575 |    575 |      0 |      0 |    184 |   1 |  575.0 |
               +--------+--------+--------+--------+--------+-----+--------+

Top non-repeatable levels by time:
     D:9: 2281 daAuts
     D:5: 1959 daAuts
  Lair:1: 1834 daAuts
     D:1: 1613 daAuts
     D:8: 1510 daAuts
     D:3: 1271 daAuts
     D:2: 1114 daAuts
     D:6: 1026 daAuts
    D:10: 843 daAuts
     D:7: 785 daAuts
     D:4: 766 daAuts
    D:11: 666 daAuts
   Sewer: 575 daAuts
    D:12: 305 daAuts
    D:14: 271 daAuts
